 Dungeon Crawl Stone Soup version 0.29.1-12-g30fa7ad0bf (webtiles) character file.

Game seed: 7868652694931193797

21 booth the Chopper (level 2, -1/33 HPs)
             Began as a Demonspawn Gladiator on Dec 27, 2022.
             Succumbed to an orc's poison
             ... on level 2 of the Dungeon.
             The game lasted 00:04:44 (611 turns).

booth the Chopper (Demonspawn Gladiator)             Turns: 611, Time: 00:04:45

Health: -1/33      AC: 21    Str: 14    XL:     2   Next: 65%
Magic:  2/2        EV:  2    Int:  9    God:
Gold:   69         SH:  0    Dex: 14    Spells: 1/1 levels left

rFire   + . .      SeeInvis .   a - +1 war axe
rCold   . . .      Faith    .   (no shield)
rNeg    . . .      Spirit   .   (body armour currently unavailable)
rPois   +          Reflect  .   (helmet currently unavailable)
rElec   .          Harm     .   (cloak currently unavailable)
rCorr   .          Rampage  .   (gloves currently unavailable)
Will    .....      NoTele   +   (boots currently unavailable)
Stlth   +.........              (no amulet)
HPRegen 0.11/turn               f - ring of protection from fire
MPRegen 0.08/turn               m - +4 ring of evasion

@: lethally poisoned (-1 -> -10), tree-form, attractive, studying Throwing
A: stationary, stasis, torment immunity, boosted hp, demonic guardian 1
a: no special abilities


You were on level 2 of the Dungeon.
You were a tree.
You visited 1 branch of the dungeon, and saw 2 of its levels.

You collected 69 gold pieces.

Inventory:

Hand Weapons
 a - a +1 war axe (weapon)
 h - a +2 mace of protection
Missiles
 d - 3 throwing nets (quivered)
 e - a javelin
Armour
 b - a +0 leather armour (melded)
 c - a +0 helmet (melded)
 i - a +0 pair of boots (melded)
 k - a +0 ring mail
Jewellery
 f - a ring of protection from fire (left branch)
 j - a ring of see invisible
 m - a +4 ring of evasion (right branch)


   Skills:
 + Level 2.2 Fighting
 + Level 3.1 Axes
 + Level 1.8 Throwing
 + Level 0.1 Armour
 + Level 3.1 Dodging


You had one spell level left.
You didn't know any spells.
Your spell library was empty.

Dungeon Overview and Level Annotations

Branches:
Dungeon (2/15)

Altars:


Innate Abilities, Weirdness & Mutations

You are a tree.
Your roots penetrate the ground, keeping you stationary.
You cannot be teleported.
You are immune to unholy pain and torment.
Your maximum health is greatly increased.
Your equipment is partially melded.
A weak demonic guardian rushes to your aid.


Message History

You kill the endoplasm!
There is a stone staircase leading up here.
Found a coral ring.
Found a scroll labelled VIUZIHIPUMM. 2 orcs come into view.
An orc is wielding a +1 hand axe of venom.
An orc comes into view. It is wielding a +0 flail.
The orc shouts! x2; You hear a shout!
An orc wizard comes into view. It is wielding a +0 dagger.
An orc priest comes into view. It is wielding a +0 short sword.
The orc attacks as you move away! The orc hits you but does no damage.
You are poisoned.
You feel very sick.
You feel sick. The orc hits you but does no damage.
The orc priest invokes the aid of Beogh against you.
Beogh smites you!
* * * LOW HITPOINT WARNING * * *
You aren't carrying any scrolls.
It was a potion of attraction.
You feel attractive to monsters.
* * * LOW HITPOINT WARNING * * *
You feel sick.
The orc wizard shouts!
You hear an angry hiss.
The orc hits you but does no damage.
You are more poisoned.
The orc wizard is attracted toward you.
It was a potion of lignification.
You turn into a tree.
Your +0 helmet melds into your body.
Your +0 pair of boots melds into your body.
Your +0 leather armour melds into your body.
Your roots penetrate the ground.
* * * LOW HITPOINT WARNING * * *
You feel very sick.
An adder comes into view.
The orc hits you but does no damage. x2; The orc hits you with a +0 club.
* * * LOW HITPOINT WARNING * * *
A demonic guardian appears!
The adder is attracted toward you.
You hit the orc.
The orc is lightly wounded.
You hit the orc but do no damage. You barely miss the orc.
You die...

#.#..oo... #..§.
.... #..§......
♣♣♣ #.........
...#=..S.....
♣♣♣♣.#.(#..o###
.........o.....
.?...#..#o########
........#o♣5......
#.#......o.....###
...............#
.P.............#
P..#...#.<#.####
.....>....#.#
#.........#..
..............
..............#


You could see an orc priest, an adder, 3 orcs and a friendly ufetubus
(summoned).

Vanquished Creatures
  A bat (D:1)
  2 endoplasms
  2 giant cockroaches (D:1)
  2 goblins (D:1)
  3 hobgoblins (D:1)
  3 quokkas (D:1)
  2 ball pythons
  2 frilled lizards (D:1)
  A rat (D:1)
18 creatures vanquished.

Vanquished Creatures (others)
  8 plants (D:1)
8 creatures vanquished.

Grand Total: 26 creatures vanquished

Notes
Turn   | Place    | Note
-------+----------+-------------------------------------------
     0 | D:1      | booth the Demonspawn Gladiator began the quest for the Orb.
     0 | D:1      | Reached XP level 1. HP: 16/16 MP: 1/1
   142 | D:1      | Found a faded altar of an unknown god.
   164 | D:1      | Gained mutation: A weak demonic guardian rushes to your
                  | aid. [demonic ancestry]
   164 | D:1      | Reached XP level 2. HP: 21/22 MP: 2/2
   452 | D:1      | Identified a scroll of acquirement
   452 | D:1      | Acquired a manual of Throwing
   610 | D:2      | HP: 1/33 [orc/+0 club (3)]
   611 | D:2      | Succumbed to an orc's poison

Illustrated notes

Levels and vault maps discovered:
D:1:      roderic_crop_circles_arrival_small, layout_basic,
          hellmonk_ecumenical_altar_heavens_door
D:2:      layout_basic, serial_forest, infiniplex_forest_straight_2,
          infiniplex_forest_clump_cross, infiniplex_forest_clump_double,
          infiniplex_forest_diagonal, infiniplex_forest_clump_curved,
          infiniplex_forest_corner_1, minmay_misc_feat_secret_circle,
          minmay_misc_feat_columns

Skill      XL: |  1  2 |
---------------+-------+-----
Dodging        | 3 |  3.1
Axes           | 3 |  3.1
Fighting       | |  2.2
Throwing       | |  1.8
Armour         | |  0.1

Action                   || total
-------------------------++-------
Melee: War axe           ||    36
       Punch             ||     1
  Use: Scroll            ||     3
       Potion            ||     2
Armor: Leather armour    ||    19
       Skin              ||     2
Dodge: Dodged            ||    23
